 Dungeon Crawl Stone Soup version 0.17.1-1-g73c8601 (webtiles) character file.

6698 shmeve the Cleaver (level 10, 0/139 HPs)
             Began as a Minotaur Berserker on Apr 23, 2016.
             Was a High Priest of Trog.
             Succumbed to konakona's ghost's poison
             ... on level 1 of the Lair of Beasts.
             The game lasted 00:22:48 (9977 turns).

shmeve the Cleaver (Minotaur Berserker)             Turns: 9977, Time: 00:22:48

Health: 0/139      AC: 14    Str: 31    XL:     10   Next: 74%
Magic:  9/9        EV:  9    Int:  5    God:    Trog [*****.]
Gold:   60         SH: 12    Dex: 11    Spells: 0 memorised, 9 levels left

rFire  + . .     SeeInvis .     F - +3 hand axe (chop)
rCold  . . .     Clarity  .     y - +0 chain mail
rNeg   . . .     SustAt   .     d - +0 shield
rPois  .         Gourm    .     (helmet restricted)
rElec  .         Spirit   .     I - +0 cloak
rCorr  .         Warding  .     h - +2 pair of gloves
rMut   .         Stasis   .     (no boots)
MR     ++...                    x - amulet of faith
Stlth  ..........               o - ring of protection from fire
                                D - +3 ring of strength

@: berserking (expiring), lethally poisoned (0 -> -3), regenerating, drained,
very quick, very resistant to hostile enchantments, extremely unstealthy
A: retaliatory headbutt, horns 2
a: Berserk, Trog's Hand, Brothers in Arms, Burn Spellbooks, Renounce Religion


You were on level 1 of the Lair of Beasts.
You worshipped Trog.
Trog was extremely pleased with you.
You were hungry.

You visited 3 branches of the dungeon, and saw 11 of its levels.
You also visited: Sewer.

You collected 404 gold pieces.
You spent 344 gold pieces at shops.

Inventory:

Hand Weapons
 F - a +3 hand axe of chopping (weapon)
Missiles
 g - 2 javelins
 v - 9 tomahawks (quivered)
Armour
 d - a +0 shield (worn)
 h - a +2 pair of gloves (worn)
 y - a +0 chain mail (worn)
 I - a +0 cloak (worn)
Jewellery
 o - a ring of protection from fire (right hand)
 x - an amulet of faith (around neck)
 D - a +3 ring of strength (left hand)
Wands
 b - a wand of digging (14)
 l - a wand of digging (16)
Scrolls
 i - 6 scrolls of remove curse
 j - 2 scrolls of noise
 m - 3 scrolls of immolation
 n - 3 scrolls of magic mapping
 s - 4 scrolls of recharging
 C - a scroll of fear
 H - a scroll of fog
Potions
 a - a potion of lignification {unknown}
 e - 6 potions of heal wounds
 f - 3 potions of haste
 p - 3 potions of flight
 q - a potion of cancellation
 r - a potion of mutation {unknown}
 t - 2 potions of ambrosia
 u - a potion of resistance {unknown}
 w - 4 potions of brilliance
 z - a potion of beneficial mutation {unknown}
 A - 3 potions of curing {unknown}
 E - 3 potions of agility {unknown}
Books
 G - a book of Envenomations

   Spells                             Type                      Level
   a - Spider Form                    Transmutation/Poison         3
   b - Alistair's Intoxication        Transmutation/Poison         4
   c - Olgreb's Toxic Radiance        Poison                       4
   d - Poisonous Cloud                Conjuration/Poison/Air       6
   Trog disapproves of the use of such an item.
Comestibles
 c - 7 bread rations
 k - 5 meat rations
 B - 13 royal jellies


   Skills:
 * Level 9.9(8.7) Fighting
 * Level 10.0(8.8) Axes
 + Level 4.8(3.7) Throwing
 + Level 6.8(5.6) Armour
 + Level 5.9(4.8) Dodging
 * Level 10.0(8.7) Shields


You had 9 spell levels left.
You didn't know any spells.

Dungeon Overview and Level Annotations

Branches:
Dungeon (9/15)             Temple (1/1) D:4            Lair (1/8) D:9
    Orc: D:9-12

Altars:
Ashenzari
Cheibriados
Dithmenos
Okawaru
Xom

Shops:
D:9 !!(?


Innate Abilities, Weirdness & Mutations

You reflexively headbutt those who attack you in melee.
You have a pair of horns on your head.


Message History

Konakona's ghost is almost destroyed.
You feel sick. You block konakona's ghost's attack.
You miss konakona's ghost.
Konakona's ghost is almost destroyed.
You feel sick.
You hit konakona's ghost but do no damage.
Your headbutt misses konakona's ghost.
Konakona's ghost is almost destroyed.
You feel sick.
Konakona's ghost breathes negative energy at you.
The bolt of negative energy hits you!
You feel drained.
* * * LOW HITPOINT WARNING * * *
You slash konakona's ghost!
You destroy konakona's ghost!
Trog appreciates your killing of a magic user.
Your base Axes skill increases to level 10!
Your base Shields skill increases to level 10!
* * * LOW HITPOINT WARNING * * *
You feel sick.
You die...

....##. .
....... ..(.
.....# ......
....##. ......
....... ......##
....#
...%....#[.# #
.....PP#@..#.##.
.....PP.........
................
.......<........
................
......#.######..
......#.. .
..$...... .....
#...


There were no monsters in sight!

Vanquished Creatures
  The ghost of konakona the Slicer, a novice DrAM of Kikubaaqudgha (Lair:1)
  A queen bee (D:9)
  4 yaks (D:9)
  A hungry ghost (D:9)
  The ghost of shmeve the Skirmisher, an amateur GrBe of Trog (D:3)
  A sky beast (D:9)
  3 orc warriors
  6 ogres
  A necrophage (D:9)
  4 ice beasts
  2 phantoms
  A big kobold (D:7)
  7 centaurs
  5 giant frogs
  2 wyvern skeletons
  2 scorpions (D:9)
  10 killer bees (D:9)
  A gnoll shaman (D:6)
  9 orc priests
  A centaur zombie (D:7)
  2 centaur skeletons
  3 giant frog skeletons (D:9)
  10 orc wizards
  A quasit (D:9)
  6 hounds
  2 iguanas
  6 worker ants
  15 gnolls
  7 adders
  2 shadow imps
  An adder zombie (D:8)
  3 worms
  4 giant geckos
  40 orcs
  6 bats
  5 giant cockroaches
  7 goblins
  6 hobgoblins
  18 jackals
  9 ball pythons
  3 giant gecko skeletons
  6 giant newts
  A jackal skeleton (D:4)
  18 kobolds
  5 quokkas
  2 quokka skeletons (D:5)
  9 rats
  A fungus (Lair:1)
  2 plants (Sewer)
263 creatures vanquished.

Vanquished Creatures (collateral kills)
  13 killer bees (D:9)
13 creatures vanquished.

Grand Total: 276 creatures vanquished

Notes
Turn   | Place    | Note
--------------------------------------------------------------
     0 | D:1      | shmeve the Minotaur Berserker began the quest for the Orb.
     0 | D:1      | Reached XP level 1. HP: 19/19 MP: 0/0
    66 | D:1      | Reached XP level 2. HP: 18/27 MP: 1/1
   292 | D:1      | Reached ** piety under Trog
   294 | D:1      | Reached skill level 4 in Fighting
   706 | D:2      | Reached XP level 3. HP: 29/33 MP: 2/2
   945 | D:2      | Found a shattered altar of Ashenzari.
  1358 | D:3      | Noticed shmeve's ghost (amateur GrBe)
  1369 | D:3      | Killed shmeve's ghost
  1369 | D:3      | Reached skill level 5 in Fighting
  1369 | D:3      | Reached skill level 1 in Throwing
  1369 | D:3      | Reached XP level 4. HP: 40/42 MP: 3/3
  1369 | D:3      | Reached XP level 5. HP: 45/48 MP: 4/4
  1606 | D:3      | Reached skill level 5 in Axes
  2269 | D:3      | Reached *** piety under Trog
  2935 | D:3      | Reached XP level 6. HP: 53/56 MP: 5/5
  3747 | D:4      | Noticed an ogre
  3755 | D:4      | Killed an ogre
  3929 | D:4      | Reached skill level 6 in Fighting
  4010 | D:4      | Found a staircase to the Ecumenical Temple.
  4016 | Temple   | Entered the Ecumenical Temple
  4211 | D:5      | Entered Level 5 of the Dungeon
  4227 | D:5      | Reached XP level 7. HP: 55/63 MP: 6/6
  4596 | D:5      | Reached **** piety under Trog
  4642 | D:5      | Reached skill level 7 in Axes
  4653 | D:5      | Found a shimmering altar of Xom.
  4702 | D:5      | Reached skill level 5 in Armour
  4711 | D:5      | Reached XP level 8. HP: 63/73 MP: 7/7
  5157 | D:6      | Received a gift from Trog
  5558 | D:6      | Found a glowing drain.
  5566 | Sewer    | Entered a sewer
  5615 | Sewer    | Reached ***** piety under Trog
  6452 | D:7      | Reached skill level 8 in Axes
  6515 | D:7      | Got a brightly glowing leather armour
  6526 | D:7      | Identified the +3 leather armour "Lenim" {MR+ Str-2 Dex+3 Stlth+} (You found it on level 7 of the Dungeon)
  7086 | D:8      | Reached skill level 1 in Shields
  7116 | D:8      | Found an iron altar of Okawaru.
  7163 | D:8      | Reached XP level 9. HP: 50/82 MP: 8/8
  7722 | D:8      | Reached skill level 5 in Shields
  8511 | D:9      | Received a gift from Trog
  8511 | D:9      | Reached skill level 5 in Dodging
  8836 | D:9      | Found a shadowy altar of Dithmenos.
  8898 | D:9      | Reached skill level 9 in Shields
  8989 | D:9      | Reached XP level 10. HP: 49/90 MP: 9/9
  9121 | D:9      | Found Litaaske's Magic Scroll Boutique.
  9542 | D:9      | Found Idghi's Weapon Shop.
  9551 | D:9      | Bought a +3 hand axe of chopping for 344 gold pieces
  9556 | D:9      | Found Qianuz's Distillery.
  9567 | D:9      | Found Humuep's Distillery.
  9589 | D:9      | Found a staircase to the Lair.
  9951 | Lair:1   | Entered Level 1 of the Lair of Beasts
  9951 | Lair:1   | Noticed konakona's ghost (novice DrAM)
  9975 | Lair:1   | HP: 2/138 [konakona's ghost/bolt of negative energy (21)]
  9976 | Lair:1   | Killed konakona's ghost
  9976 | Lair:1   | Reached skill level 10 in Axes
  9976 | Lair:1   | Reached skill level 10 in Shields
  9977 | Lair:1   | Succumbed to konakona's ghost's poison

Action                   |  1- 3 |  4- 6 |  7- 9 | 10-12 || total
-------------------------+-------+-------+-------+-------++-------
Melee: Hand axe          |    68 |   120 |    80 |    73 ||   341
       War axe           |       |       |   351 |    78 ||   429
Throw: Tomahawk          |       |       |    15 |       ||    15
Invok: Berserk           |     1 |       |     2 |     2 ||     5
       Trog's Hand       |       |       |     1 |     2 ||     3
       Brothers in Arms  |       |       |       |     1 ||     1
Evoke: Wand              |       |       |     1 |       ||     1
  Use: Scroll            |       |    14 |     4 |       ||    18
       Potion            |       |       |     2 |       ||     2
  Eat: Chunk             |     1 |     8 |    18 |     1 ||    28
       Pizza             |       |     1 |       |       ||     1
       Beef jerky        |       |       |     1 |     1 ||     2
       Meat ration       |       |       |       |     1 ||     1
